Map: [ESL] Moondance

Players

eGGz

  • Race: Zerg Zerg
  • Spawn Location: 12:00

Kelazhur - Winner!

  • Race: Terran Terran
  • Spawn Location: 6:00

Event: DreamHack SC2 Masters 2022 Atlanta (Online)

VOD

Have the link to the VOD?

Description

Time

  • Played on: Oct. 1, 2022, 4:55 p.m.
  • Length: 15:03

All games in this series

Show
View Real Time Build Order
Export as new Build Order

eGGz Zerg 

Build Orders: Pool First 

Get SALT Encoding   

  12  0:00  Drone  
  13  0:13  Overlord  
  13  0:16  Drone  
  14  0:32  Drone x2  
  16  0:40  Spawning Pool  
  15  0:43  Drone  
  16  0:50  Drone  
  17  1:10  Hatchery  
  16  1:12  Drone  
  17  1:26  Extractor  
  17  1:27  Zergling x4  
  17  1:28  Zergling x2  
  17  1:31  Queen  
  21  1:39  Drone  
  22  1:56  Overlord  
  22  2:05  Drone, Extractor  
  23  2:13  Queen  
  23  2:15  Drone  
  25  2:24  Drone x2  
  25  2:28  Queen  
  28  2:34  Drone x2  
  30  2:37  Metabolic Boost  
  30  2:45  Drone x2  
  32  2:55  Hatchery  
  31  3:06  Drone  
  31  3:09  Zergling x4  
  31  3:11  Drone  
  34  3:14  Drone  
  34  3:15  Overlord  
  34  3:19  Drone  
  36  3:25  Overlord  
  36  3:32  Lair  
  36  3:33  Extractor  
  35  3:34  Drone x2  
  35  3:36  Drone  
  35  3:41  Drone x2  
  40  3:49  Zergling x6  
  40  3:51  Drone  
  44  3:55  Drone  
  44  4:00  Zergling x6  
  44  4:02  Overlord  
  48  4:06  Extractor  
  48  4:07  Extractor  
  48  4:08  Zergling x4  
  48  4:15  Drone  
  49  4:20  Drone x3  
  49  4:22  Drone x2  
  53  4:29  Drone x4  
  53  4:30  Drone  
  58  4:32  Drone  
  59  4:42  Spire  
  59  4:44  Drone  
  59  4:48  Baneling Nest  
  59  4:50  Drone  
  59  4:51  Drone  
  60  4:54  Extractor  
  58  5:08  Overlord  
  58  5:09  Drone  
  58  5:10  Drone, Overlord  
  58  5:14  Overlord x2  
  60  5:18  Overlord  
  60  5:20  Overlord  
  60  5:22  Overlord  
  60  5:25  Overlord  
  60  5:30  Drone x3  
  63  5:36  Overseer  
  63  5:40  Baneling x2  
  63  5:44  Drone x2  
  63  5:46  Drone x3  
  68  5:55  Baneling  
  68  5:56  Baneling, Mutalisk x3  
  68  6:00  Mutalisk  
  68  6:04  Mutalisk x2  
  76  6:08  Mutalisk  
  81  6:13  Mutalisk  
  81  6:14  Mutalisk  
  82  6:20  Overlord  
  82  6:24  Mutalisk  
  80  6:33  Zergling x10  
  80  6:35  Drone  
  86  6:40  Zergling x4  
  86  6:41  Zergling x4  
  84  6:52  Mutalisk x3  
  84  6:57  Drone x4  
  84  7:04  Drone  
  85  7:12  Drone x8  
  93  7:20  Zergling x8  
  93  7:23  Mutalisk  
  93  7:25  Zergling x2  
  93  7:28  Zergling x6  
  90  7:38  Centrifugal Hooks  
  90  7:40  Mutalisk x2  
  90  7:41  Evolution Chamber  
  90  7:43  Zergling x4  
  94  7:44  Zergling x2  
  93  7:58  Baneling x3  
  93  7:59  Zergling x14  
  93  8:00  Zergling x4  
  93  8:04  Mutalisk x2  
  105  8:13  Zerg Ground Armor Level 1  
  105  8:15  Drone x4  
  105  8:16  Drone  
  109  8:29  Evolution Chamber x2  
  109  8:30  Hatchery  
  106  8:34  Zerg Flyer Weapons Level 1  
  106  8:36  Zergling x2  
  106  8:37  Zergling x4  
  106  8:38  Baneling x2  
  109  8:43  Overseer  
  109  8:47  Baneling x10  
  109  8:49  Zergling x2  
  109  8:54  Zergling x8  
  108  9:04  Zergling x16  
  109  9:19  Mutalisk  
  109  9:20  Mutalisk  
  113  9:24  Zerg Melee Weapons Level 1  
  112  9:39  Overlord  
  111  9:52  Mutalisk x5  
  119  10:00  Drone x9  
  119  10:02  Overlord x8  
  119  10:06  Baneling x6  
  128  10:14  Overlord  
  128  10:17  Pneumatized Carapace  
  128  10:18  Overseer  
  128  10:19  Zerg Ground Armor Level 2  
  128  10:22  Zergling x4  
  130  10:28  Zergling x10  
  135  10:38  Baneling x10  
  135  10:40  Zergling x10  
  140  10:49  Baneling x6, Drone x4  
  145  10:50  Drone  
  145  10:52  Extractor x2  
  137  11:04  Mutalisk x2  
  132  11:07  Drone x3  
  132  11:08  Drone x3  
  132  11:10  Overseer  
  142  11:12  Zergling x10  
  138  11:26  Zergling x18  
  143  11:46  Mutalisk x4  
  142  11:48  Zergling x8  
  142  11:54  Overseer x2  
  144  12:01  Queen x2  
  144  12:05  Zergling x16  
  156  12:10  Overseer  
  156  12:13  Zergling x10, Hatchery  
  160  12:15  Zerg Melee Weapons Level 2  
  160  12:19  Baneling x7  
  158  12:29  Zergling x14  
  153  12:37  Zergling x2  
  153  12:38  Zergling x8  
  154  12:49  Zergling x20  
  163  12:59  Mutalisk x4  
  163  13:02  Baneling x7  
  163  13:05  Overlord x2  
  171  13:13  Baneling x13  
  144  13:29  Zergling x22  
  135  13:41  Zergling x18  
  103  14:01  Baneling x12  
  103  14:02  Zergling x20  
  104  14:08  Mutalisk x3  
  110  14:10  Overseer  
  110  14:12  Zergling x2  
  110  14:13  Zergling x4  
  110  14:14  Drone x3  
  110  14:17  Infestation Pit  
  115  14:23  Baneling  
  115  14:24  Baneling x10  
  108  14:30  Zergling x8  
  105  14:40  Zergling x12  
  101  14:48  Baneling x4  
Show
View Real Time Build Order
Export as new Build Order

Kelazhur Terran - Winner!

Build Orders: Reaper Expand 

Get SALT Encoding   

  12  0:01  SCV  
  13  0:13  SCV  
  14  0:17  Supply Depot  
  14  0:25  SCV  
  15  0:38  SCV  
  15  0:40  Barracks  
  16  0:43  Refinery  
  16  0:50  SCV  
  17  1:02  SCV  
  18  1:15  SCV  
  19  1:27  Reaper, Orbital Command  
  20  1:39  Command Center  
  20  1:46  Supply Depot  
  20  1:52  SCV  
  21  1:58  Marine  
  22  2:04  SCV  
  22  2:08  Factory  
  22  2:16  SCV  
  23  2:24  Barracks Reactor  
  23  2:29  SCV  
  24  2:40  Command Center  
  24  2:41  SCV  
  25  2:51  Orbital Command  
  25  2:53  SCV  
  25  2:57  Hellion  
  28  3:02  Marine  
  28  3:03  Marine  
  29  3:06  SCV  
  30  3:19  SCV  
  30  3:20  Starport  
  30  3:21  SCV  
  31  3:31  Hellion x2, SCV  
  36  3:34  SCV  
  36  3:36  Barracks Tech Lab  
  37  3:43  SCV  
  37  3:47  SCV  
  39  3:51  Refinery, Orbital Command  
  39  3:56  Hellion x2  
  39  3:57  SCV  
  39  3:59  SCV  
  35  4:02  Viking  
  45  4:09  SCV  
  48  4:12  SCV  
  49  4:20  SCV  
  49  4:21  SCV, Hellion x2  
  49  4:24  SCV  
  56  4:30  Supply Depot  
  56  4:32  SCV  
  56  4:33  SCV  
  56  4:34  Supply Depot  
  56  4:36  SCV  
  59  4:44  SCV  
  59  4:45  SCV  
  61  4:47  Stimpack  
  61  4:52  Liberator, SCV  
  65  4:56  Barracks, SCV  
  65  4:57  Barracks, SCV  
  65  4:59  Marine  
  68  5:04  SCV  
  69  5:08  SCV  
  69  5:09  SCV  
  69  5:12  Engineering Bay x2  
  71  5:14  Factory Reactor  
  71  5:16  SCV  
  71  5:18  Refinery  
  71  5:19  Refinery, Marine  
  74  5:21  SCV  
  74  5:23  Orbital Command  
  75  5:28  SCV  
  75  5:30  Barracks  
  75  5:31  Barracks  
  75  5:33  SCV  
  76  5:39  Marine  
  76  5:40  Starport Reactor  
  77  5:42  Terran Infantry Armor Level 1, Terran Infantry Weapons Level 1  
  77  5:47  Supply Depot x2  
  77  5:56  Factory Tech Lab  
  77  6:01  Supply Depot  
  77  6:02  Supply Depot  
  77  6:08  SCV x3, Marine x5  
  85  6:17  Siege Tank  
  87  6:20  Barracks Reactor x2, SCV x3  
  86  6:26  Marine x4  
  86  6:28  Medivac x2  
  86  6:31  Missile Turret  
  97  6:32  SCV x3  
  97  6:33  Missile Turret x2  
  97  6:34  Marine  
  98  6:44  SCV x2, Marine x2  
  98  6:45  SCV  
  101  6:51  Marine  
  101  6:53  Marine  
  89  6:57  SCV x3, Marine  
  89  6:58  Medivac x2  
  89  7:00  Marine  
  89  7:01  Marine  
  96  7:08  Marine  
  96  7:09  SCV x3  
  96  7:11  Siege Tank  
  102  7:15  Marine  
  102  7:16  Marine x5  
  102  7:20  Marine  
  102  7:21  SCV x3  
  104  7:25  Marine  
  104  7:28  Medivac  
  99  7:33  SCV x3  
  99  7:36  Armory  
  102  7:39  Supply Depot  
  102  7:44  Combat Shield  
  102  7:45  SCV x3  
  102  7:47  Siege Tank  
  108  7:53  Marine  
  108  7:57  SCV x3  
  108  8:00  Medivac x2  
  108  8:04  Marine x6  
  117  8:07  Refinery  
  117  8:08  Supply Depot  
  117  8:21  Supply Depot  
  117  8:23  Terran Infantry Weapons Level 2  
  117  8:24  Terran Infantry Armor Level 2  
  117  8:29  Marine x4  
  117  8:30  SCV x3, Command Center  
  124  8:34  Supply Depot  
  124  8:35  Supply Depot, Marine  
  124  8:36  Drilling Claws  
  125  8:42  Factory  
  125  8:43  SCV x3, Widow Mine  
  130  8:55  SCV x3  
  133  8:57  Medivac x2, Marine  
  133  9:02  Marine  
  137  9:04  Widow Mine  
  137  9:05  Marine  
  137  9:07  SCV x3  
  137  9:09  Supply Depot  
  143  9:15  Marine  
  128  9:19  SCV x3  
  129  9:26  Widow Mine  
  129  9:27  Marine x3  
  129  9:29  Medivac  
  134  9:31  SCV x2, Marine  
  134  9:32  Marine  
  134  9:33  Marine x2  
  134  9:34  SCV  
  134  9:36  Missile Turret  
  140  9:42  Marine x2  
  140  9:44  Marine  
  140  9:45  Widow Mine, Marine x2  
  142  9:52  Widow Mine  
  139  9:53  SCV  
  137  10:02  SCV x2  
  137  10:05  Supply Depot, SCV  
  140  10:13  Factory Reactor  
  140  10:14  SCV  
  140  10:15  SCV  
  140  10:18  Missile Turret  
  140  10:20  Widow Mine  
  144  10:23  SCV  
  144  10:26  Missile Turret  
  145  10:29  Medivac x2  
  145  10:31  Planetary Fortress  
  149  10:38  Marauder, Marine x8  
  159  10:43  SCV x3  
  159  10:49  Widow Mine  
  164  10:50  Widow Mine x2  
  164  10:55  Marine  
  164  10:56  Marine  
  170  11:00  Marine  
  168  11:04  Terran Infantry Weapons Level 3  
  168  11:05  Terran Infantry Armor Level 3  
  170  11:12  Marauder  
  170  11:14  Marine x2  
  172  11:20  Supply Depot  
  172  11:21  Supply Depot  
  172  11:22  Supply Depot  
  172  11:25  Marine  
  172  11:26  Marine  
  172  11:27  Marine x2  
  172  11:31  Marine  
  172  11:41  Thor  
  172  11:42  Widow Mine, Marine x3  
  172  11:43  Widow Mine, Marauder, Marine  
  172  11:44  Marine x2  
  182  11:48  Marine  
  174  11:56  Marine  
  174  12:00  Command Center  
  175  12:02  Barracks, Marine, Refinery  
  175  12:03  Barracks x2, Medivac x2  
  175  12:04  Marauder, Marine x2  
  175  12:07  Command Center  
  184  12:09  Widow Mine  
  184  12:10  Widow Mine  
  184  12:11  Terran Vehicle Weapons Level 1, Marine x4  
  184  12:13  Marine  
  193  12:20  Marine  
  194  12:24  Ghost Academy  
  188  12:33  Medivac, Marauder  
  188  12:35  Marine x5  
  188  12:36  Marine  
  195  12:37  Concussive Shells  
  195  12:49  Marine  
  196  12:53  Supply Depot  
  196  12:54  SCV x2, Missile Turret  
  196  12:55  Command Center, Missile Turret x2  
  196  12:57  Widow Mine  
  196  13:05  Barracks Tech Lab x3  
  196  13:11  Marine x3  
  199  13:16  Widow Mine, Marauder  
  199  13:19  Marine  
  185  13:22  Widow Mine  
  185  13:23  Thor  
  185  13:26  Marauder  
  193  13:33  Marauder, Marine x3  
  194  13:34  Marine x5  
  194  13:36  Medivac x2  
  194  13:37  Orbital Command, Marine, Marauder  
  196  13:42  Hi-Sec Auto Tracking  
  196  13:47  Marine  
  197  13:50  Marine  
  197  13:51  Marine x2  
  186  13:56  Missile Turret  
  186  13:57  Marauder, Marine x5  
  186  13:58  Marine  
  186  13:59  Marauder  
  185  14:06  Medivac x2, Marauder  
  185  14:08  Marine x2  
  185  14:09  Marine  
  194  14:12  Armory  
  194  14:13  Widow Mine x2  
  194  14:15  Command Center  
  198  14:20  Marauder  
  198  14:22  Marauder, Marine x2  
  198  14:23  Marine  
  198  14:37  Marauder  
  198  14:46  SCV  
  198  14:51  Refinery  
  200  15:00  Barracks  
  200  15:01  Barracks x2  
Tags
 
Add a new tag
Caveats
  • Supply blocks, unpowered buildings, or Contaminate may cause inaccurate times.
  • Supply counts are checked every 10 seconds.